 Dungeon Crawl Stone Soup version 0.25-a0-942-g87a53962fc (webtiles) character file.

Game seed: 6965783499961123809, levelgen mode: deterministic

663 kae the Chiller (level 7, 0/46 HPs)
             Began as a Merfolk Ice Elementalist on May 7, 2020.
             Slain by Grinder (6 damage)
             ... while paralysed by Grinder
             ... on level 4 of the Dungeon.
             The game lasted 00:03:52 (4012 turns).

kae the Chiller (Merfolk Ice Elementalist)          Turns: 4012, Time: 00:03:53

Health: 0/46       AC:  2    Str:  8    XL:     7   Next: 56%
Magic:  12/12      EV:  2    Int: 15    God:
Gold:   118        SH:  0    Dex: 14    Spells: 9/13 levels left

rFire    . . .     SeeInvis .   i - +1 spear (venom)
rCold    . . .     Gourm    .   l - +0 buckler
rNeg     . . .     Faith    .   a - +0 robe
rPois    .         Spirit   .   (no helmet)
rElec    .         Reflect  .   (no cloak)
rCorr    .         Harm     .   (no gloves)
MR       .....                  (no boots)
Stlth    ++........             (no amulet)
HPRegen  0.15/turn              b - -2 ring of strength (curse)
MPRegen  0.13/turn              (no ring)

@: paralysed, mighty, berserk cooldown, flying, slowed
A: change form in water, swift swim, stealthy swim
a: no special abilities


You were on level 4 of the Dungeon.
You were not hungry.

You visited 1 branch of the dungeon, and saw 4 of its levels.

You collected 118 gold pieces.

Inventory:

Hand Weapons
 f - a +1 mace
 i - a +1 spear of venom (weapon)
Armour
 a - a +0 robe (worn)
 l - a +0 buckler (worn)
Jewellery
 b - a cursed -2 ring of strength (left hand)
 d - an uncursed amulet of faith
Scrolls
 n - a scroll of immolation
 p - a scroll of enchant weapon
 q - a scroll of identify
 r - a scroll of magic mapping
Potions
 e - a potion of stabbing
 h - a potion of cancellation
Comestibles
 c - 11 rations


   Skills:
 + Level 4.2 Polearms
 - Level 2.6 Dodging
 - Level 2.1 Stealth
 + Level 2.8 Shields
 + Level 3.9 Spellcasting
 * Level 7.4 Ice Magic


You had 9 spell levels left.
You knew the following spells:

 Your Spells              Type           Power        Failure   Level  Hunger
a - Freeze                Ice            ####         1%          1    None
b - Frozen Ramparts       Ice            ####..       3%          3    ###....

Your spell library contained the following spells:

 Spells                   Type           Power        Failure   Level  Hunger
 Ozocubu's Armour         Chrm/Ice       ##......     14%         3    ###....
 Hailstorm                Conj/Ice       ##......     41%         4    ####...
 Summon Ice Beast         Ice/Summ       ##......     41%         4    ####...


Dungeon Overview and Level Annotations

Branches:
Dungeon (4/15)
 Temple: D:4-7

Altars:
Ru

Annotations:
D:4 Grinder


Message History

Unknown command.
You feel better. Grinder hits you.
* * * LOW HITPOINT WARNING * * *
You writhe in agony.
* * * LOW HITPOINT WARNING * * *
You feel better. Grinder gestures at you. Pain shoots through your body!
* * * LOW HITPOINT WARNING * * *
Grinder barely misses you.
You feel better. Grinder gestures at you.
You suddenly lose the ability to move!
Grinder says, "You look like you could use a good racking."
Grinder hits you.
* * * LOW HITPOINT WARNING * * *
Grinder hits you.
* * * LOW HITPOINT WARNING * * *
You writhe in agony.
You die...

#.......# #.......#
#.......# #####
+.....#.......# ....#
#.....#.......##....#
#.....#.............#
+###.....#.............#
.........#.............#
.........#......@......#
.........#.....5.......#
.........#.............+
....#'####.......###+###
....#...##.......#
....#...##.......#
....#.............
....#.............
....#.............


You could see Grinder.

Vanquished Creatures
  Pikel (D:4)
  An orc wizard (D:4)
  7 adders
  4 worms
  A dart slug (D:1)
  4 leopard geckos
  9 orcs (D:4)
  7 giant cockroaches
  8 goblins
  14 hobgoblins
  5 jackals
  15 kobolds
  3 ball pythons
  8 bats
  7 frilled lizards
  A quokka skeleton (D:4)
  13 rats
108 creatures vanquished.

Vanquished Creatures (others)
  A plant (D:2)
1 creature vanquished.

Grand Total: 109 creatures vanquished

Notes
Turn   | Place    | Note
-------+----------+-------------------------------------------
     0 | D:1      | kae the Merfolk Ice Elementalist began the quest for the
                  | Orb.
     0 | D:1      | Reached XP level 1. HP: 13/13 MP: 3/3
   201 | D:1      | Reached XP level 2. HP: 17/19 MP: 3/5
   480 | D:1      | Reached skill level 5 in Ice Magic
   622 | D:1      | Reached XP level 3. HP: 23/24 MP: 1/6
  1551 | D:2      | Learned a level 3 spell: Frozen Ramparts
  1608 | D:2      | Reached XP level 4. HP: 27/30 MP: 8/8
  2365 | D:2      | Reached skill level 1 in Polearms
  2653 | D:3      | Reached XP level 5. HP: 34/35 MP: 9/9
  2720 | D:3      | Reached skill level 1 in Shields
  2747 | D:3      | Reached skill level 6 in Ice Magic
  3341 | D:3      | Found a faded altar of an unknown god.
  3387 | D:3      | Found a sacrificial altar of Ru.
  3672 | D:4      | Noticed Pikel
  3673 | D:4      | Noticed a slave
  3673 | D:4      | Noticed a slave
  3673 | D:4      | Noticed a slave
  3674 | D:4      | Noticed a slave
  3702 | D:4      | Killed Pikel
  3702 | D:4      | Reached skill level 7 in Ice Magic
  3702 | D:4      | Reached XP level 6. HP: 21/41 MP: 4/11
  3702 | D:4      | Reached XP level 7. HP: 24/46 MP: 4/12
  3990 | D:4      | Noticed Grinder
  3998 | D:4      | Paralysed by Grinder for 5 turns
  4008 | D:4      | HP: 2/46 [Grinder (6)]
  4010 | D:4      | Paralysed by Grinder for 5 turns
  4012 | D:4      | Slain by Grinder

Levels and vault maps discovered:
D:1:      giann_forest_graveyard, layout_basic, chequers_serial_rivers_micro_e,
          minmay_misc_feat_hallway, serial_bayou_pond_d, minmay_lizard_king
D:2:      minmay_chambers_of_twos, layout_rooms, minmay_misc_feat_rugged,
          st_stairs_4, lexackson_kobold_supper
D:3:      layout_basic, first_ration, chequers_ecumenical_altar_simple_redux,
          small_statue_intersection, nicolae_ru_great_annihilating_truth
D:4:      layout_gridville, kennysheep_little_box, uniq_pikel, uniq_grinder

Skill      XL: |  1  2  3  4  5 |
---------------+----------------+-----
Ice Magic      | 5 7 |  7.4
Polearms       | 1 4 |  4.2
Shields        | 2 |  2.8
Spellcasting   | 3 |  3.9
Dodging        | |  2.6
Stealth        | |  2.1

Action                   |  1- 3 |  4- 6 |  7- 9 || total
-------------------------+-------+-------+-------++-------
Melee: Club              |    14 |       |       ||    14
       Unarmed           |     1 |       |       ||     1
       Mace              |     7 |       |       ||     7
       Spear             |     3 |   144 |    13 ||   160
 Cast: Freeze            |    49 |    29 |     1 ||    79
       Frozen Ramparts   |       |     3 |     1 ||     4
  Use: Scroll            |     1 |     8 |       ||     9
       Potion            |       |       |     8 ||     8
 Stab: Sleeping          |     2 |     7 |       ||     9
       Distracted        |       |     2 |       ||     2
       Paralysed         |       |     1 |       ||     1
  Eat: Chunk             |     3 |     7 |     1 ||    11
Armor: Robe              |     9 |    19 |     1 ||    29
Dodge: Dodged            |    44 |   103 |     5 ||   152
Block: Buckler           |       |    23 |     1 ||    24

Table legend:
 A = Non-vault XP
 B = Vault XP
 C = Vault XP percentage of total XP
 D = Non-vault monster count
 E = Vault monster count
 F = Vault count percentage of total count
                 A         B        C        D         E       F
            +---------+---------+-------+---------+---------+-------
      Total |     235 |     713 |  75.2 |      82 |      26 |  24.1
            +---------+---------+-------+---------+---------+-------
        D:1 |      49 |       6 |  10.9 |      30 |       4 |  11.8
        D:2 |      42 |      61 |  59.2 |      18 |      17 |  48.6
        D:3 |      77 |      17 |  18.1 |      22 |       4 |  15.4
        D:4 |      67 |     629 |  90.4 |      12 |       1 |   7.7
            +---------+---------+-------+---------+---------+-------
